 Dungeon Crawl Stone Soup version 0.30-a0-4-ga7cffc901d (webtiles) character file.

Game seed: 2653870792913815218

1492071 Zeldest the Cloud Mage (level 26, 222/222 HPs)
             Began as a Demonspawn Air Elementalist on Aug 19, 2022.
             Was an Initiate of Gozag.
             Escaped with the Orb
             ... and 3 runes on Aug 21, 2022!
             The game lasted 04:19:34 (89578 turns).

Zeldest the Cloud Mage (DsAE)                      Turns: 89578, Time: 04:19:34

Health: 222/222    AC: 20    Str: 11    XL:     26   Next: 57%
Magic:  49/49      EV:  8    Int: 40    God:    Gozag
Gold:   7082       SH: 48    Dex: 15    Spells: 3/52 levels left

rFire   + + .      SeeInvis +    b - +9 falchion "Gitt" {speed, rF+ rC+ Stlth-}
rCold   + . .      Faith    .    D - +18 shield of the Gong {rElec rN+ Will+ EV-5}
rNeg    + + .      Spirit   +    I - +1 robe of Purpose {Will+ Int+4}
rPois   +          Reflect  +    (helmet unavailable)
rElec   +          Harm     .    l - +2 cloak {rCorr}
rCorr   +          Rampage  .    L - +2 pair of gloves
Will    +++..                    X - +2 pair of boots {Fly}
Stlth   +.........               G - amulet "Qytuysoomm" {Reflect rF+ Int+5 SH+5}
HPRegen 0.47/turn                c - ring of wizardry
MPRegen 0.62/turn                i - ring of Feceg {Drain rPois rN+ MP+9 Int+6}

@: gold aura, flying, studying Fighting
A: antennae 3, large bone plates 3, icemail 2, magic shield, magic regeneration,
magic link, black mark, condensation shield, bedeviling, aura of silence, wild
magic 1
0: Orb of Zot
}: 3/15 runes: serpentine, barnacled, silver
a: Renounce Religion, Potion Petition, Call Merchant, Bribe Branch


You escaped.
You worshipped Gozag.
Gozag was greatly pleased with you.
You visited 12 branches of the dungeon, and saw 53 of its levels.
You also visited: Bailey and Wizlab.

You collected 32077 gold pieces.
You spent 4999 gold pieces at shops.
You paid 19996 gold pieces to Gozag.

Inventory:

Hand Weapons
 b - the +9 falchion "Gitt" (weapon) {speed, rF+ rC+ Stlth-}
   (You found it on level 14 of the Dungeon)

   Attacks with this weapon are significantly faster.
   rF:        It protects you from fire.
   rC:        It protects you from cold.
   Stlth:     It makes you less stealthy.
Armour
 l - a +2 cloak of preservation (worn)
 D - the +18 shield of the Gong (worn) {rElec rN+ Will+ EV-5}
   (You bought it in a shop on level 1 of the Dungeon)

   It is deafeningly noisy when blocking attacks.
   EV:        It affects your evasion (-5).
   rElec:     It insulates you from electricity.
   rN:        It protects you from negative energy.
   Will:      It increases your willpower.
 I - the +1 robe of Purpose (worn) {Will+ Int+4}
   (You bought it in a shop on level 1 of the Dungeon)

   Int:       It affects your intelligence (+4).
   Will:      It increases your willpower.
 L - a +2 pair of gloves (worn)
 T - the +3 warlock's mirror {reflect}
   (You acquired it on level 2 of the Lair of Beasts)

   It can block and reflect piercing ranged attacks and magical attacks against
   the wielder's willpower.
 X - a +2 pair of boots of flying (worn)
Magical Staves
 a - a staff of air
Jewellery
 c - a ring of wizardry (left hand)
 i - the ring of Feceg (right hand) {Drain rPois rN+ MP+9 Int+6}
   (You took it off a tengu reaver on level 3 of the Depths)

   [ring of intelligence]

   Int:       It affects your intelligence (+6).
   rPois:     It protects you from poison.
   rN:        It protects you from negative energy.
   MP:        It affects your magic capacity (+9).
   Drain:     It drains your maximum health when unequipped.
 j - the ring of the Enemy {rCorr Dex+5}
   (You took it off a frost giant on level 1 of the Depths)

   [ring of resist corrosion]

   Dex:       It affects your dexterity (+5).
   rCorr:     It protects you from acid and corrosion.
 C - a ring of protection from fire
 E - an amulet of the acrobat
 G - an amulet "Qytuysoomm" (around neck) {Reflect rF+ Int+5 SH+5}
   (You took it off a kobold on level 4 of the Dungeon)

   [amulet of reflection]

   It reflects blocked missile attacks.
   Int:       It affects your intelligence (+5).
   rF:        It protects you from fire.
   SH:        It affects your SH (+5).
 R - a ring of magical power
 S - the ring of Wagha {Fly Dex+3}
   (You took it off a deep elf blademaster on level 3 of the Elven Halls)

   [ring of flight]

   Dex:       It affects your dexterity (+3).
   Fly:       It grants you flight.
 U - a ring of poison resistance
 V - a ring of willpower
Wands
 x - a wand of charming (37)
 y - a wand of mindburst (20)
 N - a wand of roots (51)
 O - a wand of polymorph (8)
 Y - a wand of acid (26)
Scrolls
 f - 13 scrolls of vulnerability
 g - 15 scrolls of fog
 m - 9 scrolls of poison
 o - 11 scrolls of enchant armour
 t - 8 scrolls of immolation
 w - 16 scrolls of teleportation
 z - 6 scrolls of amnesia
 A - 3 scrolls of magic mapping
 B - 10 scrolls of noise
 K - 8 scrolls of fear
 M - 10 scrolls of blinking
 W - a scroll of summoning
 Z - 5 scrolls of silence
Potions
 d - 3 potions of resistance
 h - 7 potions of attraction
 k - 10 potions of mutation
 n - 4 potions of cancellation
 p - 7 potions of lignification
 q - 8 potions of flight
 r - 14 potions of heal wounds
 s - 4 potions of invisibility
 u - 6 potions of magic
 v - 6 potions of brilliance
 F - 16 potions of curing
 H - 10 potions of haste
 J - 10 potions of might
 Q - 4 potions of ambrosia
Miscellaneous
 e - a tin of tremorstones (2/2)
 P - a condenser vane


   Skills:
 + Level 21.3 Fighting
 - Level 1.0 Long Blades
 - Level 1.2 Maces & Flails
 - Level 4.8 Dodging
 - Level 1.7 Stealth
 - Level 15.0 Shields
 - Level 13.9 Spellcasting
 + Level 24.1 Conjurations
 - Level 13.0 Hexes
 - Level 10.0 Summonings
 + Level 25.4 Air Magic


You had 3 spell levels left.
You knew the following spells:

 Your Spells              Type           Power      Damage    Failure   Level
a - Chain Lightning       Conj/Air       69%        3d92      4%          9
b - Spellforged Servitor  Conj/Summ      59%        N/A       1%          7
c - Airstrike             Air            70%        2d(10-26) 1%          4
d - Summon Lightning Spi  Summ/Air       100%       N/A       1%          4
e - Lightning Bolt        Conj/Air       69%        1d94      1%          5
f - Maxwell's Capacitive  Air            70%        ∞         1%          8
g - Freezing Cloud        Conj/Ice/Air   59%        6-21      1%          5
h - Enfeeble              Hex            65%        N/A       5%          7

Your spell library contained the following spells:

 Spells                   Type           Power      Damage    Failure   Level
 Apportation              Tloc           72%        N/A       1%          1
 Foxfire                  Conj/Fire      100%       2x1d9     1%          1
 Freeze                   Ice            100%       1d11      1%          1
 Magic Dart               Conj           100%       1d8       1%          1
 Necrotise                Necr           100%       1d9       1%          1
 Sandblast                Erth           72%        2d16      1%          1
 Shock                    Conj/Air       100%       1d9       1%          1
 Summon Small Mammal      Summ           100%       N/A       1%          1
 Call Imp                 Summ           96%        N/A       1%          2
 Ensorcelled Hibernation  Hex/Ice        100%       N/A       1%          2
 Poisonous Vapours        Pois/Air       100%       N/A       1%          2
 Searing Ray              Conj           100%       2d8       1%          2
 Static Discharge         Conj/Air       100%       3-16/arc  1%          2
 Call Canine Familiar     Summ           96%        N/A       1%          3
 Confusing Touch          Hex            100%       N/A       1%          3
 Conjure Flame            Conj/Fire      100%       6-21      1%          3
 Dazzling Flash           Conj/Hex       100%       N/A       1%          3
 Inner Flame              Hex/Fire       100%       N/A       1%          3
 Mephitic Cloud           Conj/Pois/Air  100%       N/A       1%          3
 Portal Projectile        Hex/Tloc       100%       N/A       1%          3
 Stone Arrow              Conj/Erth      100%       3d13      1%          3
 Swiftness                Air            100%       N/A       1%          3
 Tukima's Dance           Hex            100%       N/A       1%          3
 Blink                    Tloc           72%        N/A       2%          2
 Passwall                 Tmut/Erth      30%        N/A       2%          2
 Scorch                   Fire           72%        2d8       2%          2
 Sublimation of Blood     Necr           36%        N/A       2%          2
 Wereblood                Tmut           36%        N/A       2%          2
 Frozen Ramparts          Ice            72%        1d11      4%          3
 Gell's Gravitas          Tloc           36%        N/A       4%          3
 Ignite Poison            Fire/Tmut/Pois 36%        N/A       4%          3
 Lesser Beckoning         Tloc           36%        N/A       4%          3
 Ozocubu's Armour         Ice            36%        N/A       4%          3
 Spider Form              Tmut/Pois      36%        N/A       4%          3
 Teleport Other           Tloc           36%        N/A       4%          3
 Anguish                  Hex/Necr       51%        N/A       1%          4
 Flame Wave               Conj/Fire      100%       2d21      1%          4
 Fulminant Prism          Conj/Hex       74%        3d30      1%          4
 Hailstorm                Conj/Ice       100%       3d20      1%          4
 Iskenderun's Mystic Bla  Conj/Tloc      100%       2d19      1%          4
 Leda's Liquefaction      Hex/Erth       51%        N/A       1%          4
 Sticky Flame             Conj/Fire      100%       2d11      1%          4
 Summon Ice Beast         Ice/Summ       73%        N/A       1%          4
 Iskenderun's Battlesphe  Conj           100%       2d15      1%          5
 Conjure Ball Lightning   Conj/Air       69%        3x3d26    1%          6
 Starburst                Conj/Fire      52%        6d14      1%          6
 Yara's Violent Unravell  Hex/Tmut       51%        3d20      2%          5
 Summon Cactus Giant      Summ           48%        N/A       3%          6
 Storm Form               Tmut/Air       53%        N/A       6%          7
 Dispel Undead            Necr           36%        3d15      12%         4
 Olgreb's Toxic Radiance  Pois           36%        N/A       12%         4
 Passage of Golubria      Tloc           36%        N/A       12%         4
 Monstrous Menagerie      Summ           48%        N/A       16%         7
 Summon Hydra             Summ           48%        N/A       16%         7
 Agony                    Necr           36%        N/A       28%         5
 Borgnjor's Vile Clutch   Necr/Erth      18%        N/A       28%         5
 Manifold Assault         Tloc           36%        N/A       28%         5
 Death Channel            Necr           18%        N/A       80%         6
 Dispersal                Tloc           18%        N/A       80%         6
 Ozocubu's Refrigeration  Ice            18%        4d11      99%         7
 Fire Storm               Conj/Fire      52%        8d13      99%         9
 Borgnjor's Revivificati  Necr           18%        N/A       100%        8
 Ignition                 Fire           18%        3d7       100%        8
 Necromutation            Tmut/Necr      18%        N/A       100%        8
 Death's Door             Necr           18%        N/A       100%        9
 Shatter                  Erth           18%        3d17*     100%        9
 Corpse Rot               Necr/Pois/Air  Unusable   N/A       N/A         4
 Animate Dead             Necr           Unusable   N/A       N/A         4

Dungeon Overview and Level Annotations

Branches:
Dungeon (15/15)            Temple (1/1) D:6            Lair (5/5) D:9
 Shoals (4/4) Lair:3        Snake (4/4) Lair:2        Slime (2/5) Lair:5
    Orc (2/2) D:12            Elf (3/3) Orc:2        Vaults (5/5) D:14
  Crypt (3/3) Vaults:2       Tomb (0/3) Crypt:3      Depths (4/4) D:15
    Zot (5/5) Depths:4     Bailey (visited)          WizLab (visited)

Altars:
Ashenzari
Cheibriados
Dithmenos
Fedhas
Gozag
Hepliaklqana
Kikubaaqudgha
Makhleb
Nemelex Xobeh
Okawaru
Qazlal
Ru
Trog
Uskayaw
Vehumet
Xom
Yredelemnul
Jiyva

Shops:
D:1 [   D:5 !   D:8 !((=   D:12 !   D:14 *   D:15 (   Orc:2 !?*::*   Elf:1 *
Elf:2 (   Elf:3 =?*   Lair:4 *   Shoals:4 :   Depths:1 =

Portals:
Hell: Depths:1 Depths:2 Depths:3 Depths:4
Abyss: Depths:2 Depths:3
Pandemonium: Depths:2 Depths:4
Ziggurat: Depths:4
Trove: Elf:3 (give +3 storm dragon scales)

Annotations:
D:3 1 runed translucent door
D:8 2 transporters, exclusion: skeletal warrior, Daunt's ghost, novice KoGl
D:10 exclusion: gargoyle
Lair:1 1 runed translucent door, Morec's ghost, novice FeEE
Shoals:2 2 transporters, Danakkis's ghost, adept DsBe
Elf:2 5 runed translucent doors


Innate Abilities, Weirdness & Mutations

You have a pair of large antennae on your head. (SInv)
You are completely covered in large bone plates. (SH +8)
A meltable icy envelope protects you from harm. (AC +8)
When hurt, damage is shared between your health and your magic reserves.
You regenerate magic rapidly.
When low on magic, you restore magic in place of health.
Your melee attacks may debilitate your foes.
A meltable shield of frost defends you. (SH +4)
Your hexes are more powerful.
You are surrounded by an aura of silence.
Your spells are a little harder to cast, but a little more powerful.


Message History

(H) Hell (Z) Zot
Where to? (Enter - D:1, ? - help)
What level of the Dungeon? (default 1, ? - help) Magic restored.
HP restored.
There is a stone staircase leading up here.
You fly upwards.
There is a stone staircase leading down here.
There is a stone staircase leading up here.
You fly upwards.
There is a stone staircase leading down here.
You sense a monster nearby.
There is an open door here.
The frilled lizard hisses angrily.
You block the frilled lizard's attack.
SHROANNG!
The frilled lizard attacks as you move away!
You block the frilled lizard's attack.
GONNNNG!
You hear an angry hiss.
The frilled lizard attacks as you move away!
You block the frilled lizard's attack.
PANG!
You hear a shout! x2
The frilled lizard attacks as you move away!
You block the frilled lizard's attack.
PTOANNNG!
The frilled lizard attacks as you move away!
You block the frilled lizard's attack.
GONNNNG!
You block the frilled lizard's attack.
GONNNNG!
You hear a shout!
The frilled lizard attacks as you move away!
The frilled lizard bites you but does no damage.
The frilled lizard attacks as you move away!
You block the frilled lizard's attack.
GONNNNG!
There is a staircase leading out of the dungeon here.
You closely miss the frilled lizard. You hit the frilled lizard.
You kill the frilled lizard!
You have escaped!

......####...# ### #.#
......#♣♣♣...♣♣♣ #.#
......♣♣.......♣♣ #####'####
#..##♣♣.........♣♣#........#
##.##♣....♣.♣....♣#........#
##..#♣.....⌠.....♣#........#
###.#♣....♣.♣...♣##........#
# #.#♣♣.........$♣#...÷....#
# #..#♣♣.....♣#.@♣#........#
# ##.##♣♣♣♣♣♣♣♣♣♣#{........#
# #............>..........#
# #########.######........#
# #.# #........# # #.#
#........# ############)#
########## ##...........#
##.###########


There were no monsters in sight!

Vanquished Creatures
  4 dread liches
  2 ancient liches
  5 orbs of fire
  A juggernaut (Depths:3)
  Sojobo (Depths:2)
  Josephina (Zot:3)
  Parghit (Depths:4)
  The ghost of Draconaut the Eclecticist, a veteran DjFE of Makhleb (Vaults:4)
  Frederick (Vaults:3)
  Vashnia (Snake:4)
  Saint Roka (Vaults:2)
  Xtahua (Depths:3)
  6 golden dragons
  3 curse toes
  4 bone dragons
  2 doom hounds (Zot:3)
  A Tzitzimitl (WizLab)
  A Brimstone Fiend (D:8)
  Zenata (Crypt:1)
  2 electric golems (Zot:5)
  7 liches
  A walking crystal tome (Depths:4)
  7 Orb Guardians
  11 tentacled monstrosities
  Grunn (Zot:3)
  3 quicksilver dragons
  A walking frostbound tome (Depths:3)
  2 deep elf blademasters (Elf:3)
  3 titans
  2 acid blobs (Slime:1)
  2 deep elf master archers (Elf:3)
  An Executioner (Depths:4)
  A walking divine tome (Depths:2)
  4 death cobs
  9 ancient champions
  3 krakens
  4 sphinxes
  4 tengu reavers
  7 shadow dragons
  11 storm dragons
  2 draconian monks
  4 revenants
  The ghost of Newt the Cleaver, a journeyman DsGl of Jiyva (Depths:1)
  A nagaraja (Snake:4)
  14 fire giants
  11 frost giants
  A demonspawn warmonger (Depths:2)
  20 vault wardens
  A draconian shifter (Zot:3)
  7 draconian knights
  8 deep elf sorcerers
  Louise (D:14)
  7 draconian scorchers
  2 curse skulls (Crypt:1)
  8 ironbound preservers
  7 deep elf elementalists
  2 orc warlords
  2 draconian stormcallers (Zot:1)
  2 draconian annihilators (Zot:5)
  16 ghouls
  Aizul (Snake:2)
  An angel (D:3)
  2 quicksilver oozes (Slime:1)
  2 caustic shrike zombies
  12 very ugly things
  2 war gargoyles
  5 ironbound thunderhulks
  A juggernaut skeleton (Crypt:3)
  10 vampire knights
  23 stone giants
  13 green draconians
  2 putrid mouths (Zot:3)
  2 demonspawn black suns
  11 deep elf demonologists
  10 yellow draconians
  11 white draconians
  5 deep elf annihilators (Elf:3)
  6 red draconians
  A bunyip (shapeshifter) (Vaults:5)
  A lorocyproca (WizLab)
  9 black draconians
  The ghost of Izeyjose the Bludgeoner, a journeyman MyBe of Trog (Lair:3)
  7 purple draconians
  3 spark wasps
  The ghost of Valamore the Frost Mage, a journeyman OpEE of Vehumet (Lair:3)
  14 ettins
  13 dire elephants
  5 eidola
  3 green deaths
  8 merfolk impalers
  2 blizzard demons
  6 deep elf death magi
  8 merfolk javelineers
  5 fire dragons
  8 jiangshi
  A spriggan zombie (Crypt:3)
  9 yaktaur captains
  5 deep elf high priests (Elf:3)
  3 boulder beetles
  A rakshasa (D:15)
  35 vault guards
  An ice dragon (shapeshifter) (Depths:2)
  A caustic shrike simulacrum (Depths:1)
  A peacekeeper (Vaults:2)
  11 ironbound frosthearts
  A hydra (D:11)
  11 anacondas
  10 ice dragons
  A hell beast (Depths:4)
  6 merfolk avatars
  2 merfolk aquamancers
  8 ogre magi
  2 death knights (Crypt:2)
  6 salamander tyrants
  13 centaur warriors
  22 two-headed ogres
  2 alligator snapping turtles (Shoals:4)
  2 catoblepae
  11 dancing weapons
  7 naga warriors
  3 death yaks (Lair:5)
  4 deep troll shamans
  4 satyrs
  A tengu warrior (Depths:3)
  A titan zombie (Crypt:3)
  A quicksilver ooze zombie (Crypt:1)
  2 spriggan berserkers (Depths:2)
  2 hell hogs (Depths:4)
  13 naga sharpshooters
  8 vampire magi
  4 deep troll earth magi
  14 deep elf knights
  5 soul eaters
  4 sun demons
  Nergalle (Lair:2)
  8 shock serpents
  4 hell knights (Depths:2)
  2 titan skeletons (Crypt:3)
  A sixfirhy (D:13)
  37 skeletal warriors
  4 iron trolls
  3 nameless horrors
  A salamander mystic (Snake:3)
  A cherub (Depths:2)
  11 sea snakes
  20 deep trolls
  A kraken simulacrum (Shoals:4)
  4 flayed ghosts
  2 shadow dragon zombies (Crypt:3)
  8 wizards
  8 naga ritualists
  15 deep elf archers
  3 orc knights
  2 tengu zombies
  5 bog bodies
  14 ironbound convokers
  2 shadow demons (WizLab)
  2 lindwurms
  16 deep elf pyromancers
  4 necromancers
  14 deep elf zephyrmancers
  14 phantasmal warriors
  3 anaconda skeletons (Crypt:3)
  10 harpies
  11 mana vipers
  Pikel (D:5)
  A harpy (shapeshifter) (D:15)
  2 shining eyes (Slime:1)
  28 ugly things
  17 fauns
  A human zombie (Vaults:3)
  An orc sorcerer (Orc:1)
  13 manticores
  An iron dragon zombie (D:15)
  2 cyclopes
  12 salamanders
  23 moths of wrath
  Maurice (D:9)
  8 elephants
  29 black mambas
  A frost giant skeleton (Crypt:2)
  A dire elephant skeleton (Crypt:3)
  6 cane toads
  12 merfolk sirens
  19 naga magi
  6 water nymphs
  4 guardian serpents
  A gargoyle (D:14)
  18 vault sentinels
  A smoke demon (Depths:2)
  3 unseen horrors
  3 orange demons
  2 centaur skeletons (Crypt:3)
  A tormentor (WizLab)
  A hellion (WizLab)
  9 komodo dragons
  15 yaktaurs
  4 guardian mummies (Crypt:3)
  4 ice devils
  5 freezing wraiths
  A kobold demonologist (D:14)
  A minotaur zombie (Crypt:1)
  A white draconian skeleton (Crypt:3)
  4 efreet
  A black draconian skeleton (Crypt:2)
  A ghost moth simulacrum (Zot:3)
  A golden dragon simulacrum (Zot:3)
  3 tengu conjurers
  6 trolls
  12 wind drakes
  17 merfolk
  4 polar bears
  A sphinx simulacrum (Depths:1)
  A hornet (shapeshifter) (Lair:3)
  2 harpy skeletons (Crypt:3)
  3 shadow dragon simulacra
  7 dream sheep
  A human simulacrum (Vaults:3)
  3 hornets
  5 blink frogs
  An iron dragon simulacrum (Depths:1)
  8 snapping turtles
  Grinder (D:4)
  55 slime creatures
  A raiju (Snake:2)
  Prince Ribbit (D:5)
  2 shadows
  6 air elementals
  An ettin zombie (Crypt:3)
  A guardian serpent skeleton (Crypt:2)
  12 water elementals
  5 wraiths (Crypt:1)
  A human (D:14)
  3 vampires
  4 fire elementals
  2 large abominations (Zot:1)
  20 yaks
  A wyvern (D:10)
  Eustachio (D:5)
  A wind drake zombie (Crypt:2)
  2 basilisks
  A chaos spawn (WizLab)
  3 hogs (D:10)
  2 steam dragons
  A neqoxec (WizLab)
  7 vampire mosquitoes
  7 wargs
  An acid dragon (D:12)
  An acid dragon (shapeshifter) (Vaults:5)
  46 nagas
  3 floating eyes
  19 orc warriors
  A water nymph skeleton (Crypt:3)
  5 water moccasins
  A human skeleton (D:15)
  2 sky beasts
  2 black bears (D:5)
  A cane toad skeleton (Crypt:3)
  An ice beast (Vaults:2)
  25 ogres
  3 boggarts
  15 centaurs
  3 wolves (Lair:5)
  3 phantoms (D:6)
  2 lemures (D:5)
  A kobold brigand (D:10)
  A fire crab zombie (Crypt:3)
  8 bullfrogs
  5 necrophages (Crypt:1)
  A salamander zombie (Crypt:3)
  4 earth elementals
  A gnoll sergeant (D:9)
  A scorpion (D:4)
  A water moccasin skeleton (Crypt:3)
  A queen bee zombie (Crypt:1)
  7 killer bees
  11 howler monkeys
  6 hounds
  11 orc priests
  3 gnoll boudas
  3 jellies
  2 iguanas
  23 orc wizards
  A tengu skeleton (Crypt:2)
  22 gnolls
  9 adders
  4 shadow imps (D:6)
  A white imp (D:6)
  2 ufetubi (D:5)
  8 worms
  3 dart slugs
  68 orcs
  An orc (shapeshifter) (Vaults:5)
  3 ball pythons
  8 endoplasms
  4 giant cockroaches
  21 goblins
  13 hobgoblins
  3 jackals (D:4)
  13 kobolds
  4 quokkas
  10 bats
  An endoplasm zombie (Crypt:3)
  A frilled lizard (shapeshifter) (Vaults:5)
  8 frilled lizards
  A jackal skeleton (Crypt:2)
  A jackal zombie (Crypt:1)
  5 rats
  A river rat skeleton (Crypt:1)
  7 ball lightnings
  A butterfly (Lair:2)
  A plant (Shoals:2)
  7 tentacles
1861 creatures vanquished.

Vanquished Creatures (collateral kills)
  A dread lich (Zot:5)
  2 tentacled monstrosities (Zot:5)
  11 Orb Guardians
  2 quicksilver dragons
  Agnes (D:14)
  2 shadow dragons
  2 tengu reavers (Depths:2)
  A storm dragon (Zot:5)
  A draconian knight (Zot:5)
  3 fire giants
  5 frost giants
  A vault warden (Vaults:1)
  A draconian stormcaller (Depths:4)
  A ghoul (Crypt:2)
  2 ironbound preservers (Vaults:4)
  11 very ugly things
  2 ironbound thunderhulks
  6 stone giants
  A vampire knight (Crypt:3)
  Nessos (D:14)
  3 deep elf demonologists (Elf:3)
  A dire elephant (Vaults:1)
  2 deep elf death magi (Elf:3)
  2 fire dragons
  2 ettins
  2 jiangshi
  A yaktaur captain (Vaults:2)
  A great orb of eyes (shapeshifter) (Vaults:1)
  Erolcha (D:10)
  A catoblepas (Lair:5)
  5 ice dragons
  2 rakshasas
  3 hydras
  2 great orbs of eyes
  A centaur warrior (D:14)
  A caustic shrike simulacrum (Depths:1)
  An ironbound frostheart (Vaults:1)
  An anaconda (Snake:1)
  2 deep troll shamans
  A naga warrior (Snake:4)
  A tengu warrior (Depths:1)
  A two-headed ogre (D:13)
  2 death yaks (Lair:5)
  3 deep troll earth magi
  2 naga sharpshooters (Snake:1)
  4 hell knights (Depths:2)
  2 spriggan berserkers
  3 soul eaters
  Amaemon (Lair:2)
  2 deep elf knights
  2 iron trolls
  14 deep trolls
  A skeletal warrior (Crypt:3)
  A bog body (Crypt:2)
  A tengu zombie (Vaults:3)
  2 deep elf archers (Elf:2)
  2 wizards
  2 ironbound convokers
  4 lindwurms
  8 deep elf zephyrmancers
  5 harpies
  An orc knight (Bailey)
  9 deep elf pyromancers
  2 cyclopes
  2 oklob plants (Lair:2)
  3 orc sorcerers
  A salamander (Snake:3)
  4 moths of wrath
  21 ugly things
  4 vault sentinels
  10 elephants
  A guardian serpent (Snake:4)
  A molten gargoyle (Depths:1)
  A merfolk siren (Shoals:2)
  9 black mambas
  An orange demon (Depths:2)
  A rust devil (Depths:2)
  2 cane toads
  A naga mage (Snake:2)
  Maggie (Lair:2)
  A rime drake (Lair:1)
  A kobold demonologist (D:14)
  A tormentor (Zot:1)
  13 yaktaurs
  A komodo dragon (Lair:1)
  3 tengu conjurers
  An ice devil (Depths:1)
  A mana viper zombie (Crypt:1)
  A troll (Vaults:2)
  A polar bear (Lair:4)
  A red devil (Depths:2)
  2 merfolk
  A shadow dragon simulacrum (Zot:3)
  7 blink frogs
  11 slime creatures
  4 snapping turtles (Shoals:3)
  4 dream sheep (Lair:3)
  A frost giant simulacrum (Depths:1)
  The ghost of SensoryNuts the Trooper, an amateur OgFi (D:3)
  An ettin skeleton (Vaults:3)
  2 wraiths
  5 water elementals
  17 yaks
  2 chaos spawn (Depths:2)
  A human (D:10)
  2 basilisks
  4 vampire mosquitoes (D:11)
  2 wargs (Vaults:2)
  A large abomination (Zot:1)
  5 nagas
  6 water moccasins
  A floating eye (Depths:2)
  A water moccasin (shapeshifter) (Depths:2)
  A naga skeleton (Crypt:3)
  A black bear (D:9)
  A black bear (shapeshifter) (D:13)
  7 orc warriors (Bailey)
  An ettin simulacrum (Depths:1)
  A spriggan simulacrum (Depths:1)
  An ice beast (shapeshifter) (Depths:3)
  3 ogres
  2 human zombies
  An ice beast (D:8)
  A centaur (D:14)
  2 wolves (Lair:5)
  2 boggarts (Vaults:4)
  A yaktaur zombie (Crypt:2)
  A bullfrog (Lair:2)
  2 killer bees (D:10)
  3 howler monkeys
  A jelly (Lair:5)
  A gnoll bouda (D:8)
  4 orc wizards
  4 gnolls (D:8)
  A river rat (D:3)
  19 orcs
  9 goblins (Bailey)
  3 hobgoblins (Bailey)
  A quokka (D:3)
  2 kobolds (D:10)
  31 ball lightnings
443 creatures vanquished.

Vanquished Creatures (others)
  2 dread liches (Zot:5)
  2 Killer Klowns (Zot:5)
  6 Orb Guardians (Zot:5)
  A death cob (Zot:5)
  A draconian monk (Zot:5)
  A draconian scorcher (Zot:5)
  2 draconian stormcallers (Zot:5)
  2 green draconians (Zot:5)
  4 white draconians (Zot:5)
  A black draconian (Zot:5)
  A red draconian (Zot:5)
  A lorocyproca (Zot:5)
  A purple draconian (Zot:5)
  2 yellow draconians (Zot:5)
  A deep troll (Zot:1)
  2 deep elf zephyrmancers
  A cyclops (D:9)
  A moth of wrath (Zot:1)
  An air elemental (Elf:2)
  A water elemental (Elf:3)
  An orc warrior (D:9)
  A kobold brigand (D:9)
  An orc wizard (D:9)
  622 ball lightnings
  31 fungi
  131 plants
  12 tentacles
  15 withered plants (D:15)
848 creatures vanquished.

Grand Total: 3152 creatures vanquished

Notes
Turn   | Place    | Note
-------+----------+-------------------------------------------
     0 | D:1      | Zeldest the Demonspawn Air Elementalist began the quest for
                  | the Orb.
     0 | D:1      | Reached XP level 1. HP: 13/13 MP: 3/3
   508 | D:1      | Gained mutation: You have a pair of small antennae on your
                  | head. [demonic ancestry]
   508 | D:1      | Reached XP level 2. HP: 20/20 MP: 3/5
   749 | D:1      | Reached skill level 1 in Fighting
   859 | D:1      | Reached skill level 3 in Air Magic
   877 | D:1      | Found Pubom's Armour Boutique.
  1163 | D:2      | Reached XP level 3. HP: 26/26 MP: 2/6
  1893 | D:2      | Reached XP level 4. HP: 32/32 MP: 5/7
  1907 | D:2      | Found a sacrificial altar of Ru.
  2293 | D:2      | Reached skill level 1 in Shields
  2978 | D:3      | Found a runed translucent door.
  2980 | D:3      | Noticed SensoryNuts's ghost (amateur OgFi)
  3008 | D:3      | Found a snail-covered altar of Cheibriados.
  3191 | D:3      | Found a runed translucent door.
  3478 | D:4      | Reached XP level 5. HP: 26/37 MP: 4/9
  3990 | D:4      | Identified the +1 robe of Devotion {Rampage rN+ Regen+}
  3998 | D:4      | Identified an amulet "Qytuysoomm" {Reflect rF+ Int+5 SH+5}
  4043 | D:4      | Reached XP level 6. HP: 43/43 MP: 8/10
  4264 | D:4      | Learned a level 2 spell: Static Discharge
  4313 | D:4      | Reached skill level 4 in Air Magic
  5386 | D:5      | Entered Level 5 of the Dungeon
  5439 | D:5      | Noticed Grinder
  5451 | D:4      | Killed Grinder
  5452 | D:4      | Gained mutation: You regenerate magic rapidly. [demonic
                  | ancestry]
  5452 | D:4      | Reached XP level 7. HP: 42/48 MP: 1/13
  5489 | D:5      | Noticed Prince Ribbit
  5539 | D:5      | Noticed Eustachio
  5714 | D:5      | Found a blossoming altar of Fedhas.
  5944 | D:5      | Reached skill level 5 in Air Magic
  5944 | D:5      | Gained mutation: You have a pair of antennae on your head.
                  | [demonic ancestry]
  5944 | D:5      | Reached XP level 8. HP: 49/54 MP: 6/14
  6234 | D:5      | Reached skill level 5 in Conjurations
  6320 | D:5      | Killed Eustachio
  6321 | D:5      | Reached skill level 5 in Spellcasting
  6441 | D:5      | Noticed Pikel
  6453 | D:5      | Killed Pikel
  6454 | D:5      | Reached skill level 5 in Shields
  6454 | D:5      | Reached skill level 6 in Air Magic
  6505 | D:5      | Found a radiant altar of Vehumet.
  6547 | D:5      | Found Ufyst's Distillery.
  6559 | D:5      | Killed Prince Ribbit
  6560 | D:5      | Reached XP level 9. HP: 33/59 MP: 9/16
  6603 | D:5      | Found a burning altar of Makhleb.
  6709 | D:6      | Found a basalt altar of Yredelemnul.
  6720 | D:6      | Found a stormy altar of Qazlal.
  6796 | D:6      | Found an ancient bone altar of Kikubaaqudgha.
  7303 | D:6      | Found a staircase to the Ecumenical Temple.
  7308 | Temple   | Entered the Ecumenical Temple
  7354 | Temple   | Became a worshipper of Gozag Ym Sagoz the Greedy
  7660 | D:7      | Found a flagged portal.
  7694 | D:7      | Reached skill level 1 in Summonings
  7694 | D:7      | Reached skill level 7 in Air Magic
  7735 | D:7      | Learned a level 4 spell: Airstrike
  7740 | D:7      | Learned a level 4 spell: Summon Lightning Spire
  7746 | D:7      | Learned a level 5 spell: Lightning Bolt
  7747 | Bailey   | Entered a bailey
  7915 | Bailey   | Noticed an orc knight
  7925 | Bailey   | Identified 3 scrolls of acquirement
  7925 | Bailey   | Acquired a staff of air
  7949 | Bailey   | Killed an orc knight
  8007 | Bailey   | Gained mutation: When hurt, damage is shared between your
                  | health and your magic reserves. [demonic ancestry]
  8007 | Bailey   | Reached XP level 10. HP: 45/65 MP: 5/17
  8017 | Bailey   | Acquired 1001 gold pieces
  8019 | Bailey   | Acquired 764 gold pieces
  8021 | Bailey   | Acquired 862 gold pieces
  8100 | Bailey   | Noticed an orc warlord
  8134 | Bailey   | Killed an orc warlord
  8575 | D:7      | Found a hazy altar of Hepliaklqana.
  8600 | D:7      | Reached skill level 8 in Air Magic
  8894 | D:8      | Noticed a skeletal warrior
  8934 | D:8      | Found a transporter.
  9120 | D:8      | Found Jiskaesch's Antique Weapon Boutique.
  9121 | D:8      | Found Koebu's Jewellery Boutique.
  9125 | D:8      | Found Vexilakk's Distillery.
  9125 | D:8      | Found Ocilupn's Weapon Boutique.
  9145 | D:8      | Bought a potion of haste for 130 gold pieces
  9365 | D:8      | Noticed Daunt's ghost (novice KoGl)
  9472 | D:8      | Found a transporter.
  9629 | D:9      | Found a shimmering altar of Xom.
  9640 | D:9      | Killed a cyclops
  9834 | D:9      | Reached skill level 5 in Summonings
  9922 | D:9      | Noticed a centaur warrior
  9927 | D:9      | Killed a centaur warrior
 10008 | D:9      | Noticed Maurice
 10018 | D:9      | Killed Maurice
 10019 | D:9      | Gained mutation: You are partially covered in large bone
                  | plates. (SH +4) [demonic ancestry]
 10019 | D:9      | Reached XP level 11. HP: 72/72 MP: 6/18
 10285 | D:9      | Found a staircase to the Lair.
 10579 | D:9      | Found a hide-covered altar of Uskayaw.
 10671 | Lair:1   | Entered Level 1 of the Lair of Beasts
 10841 | Lair:1   | Reached skill level 9 in Air Magic
 10875 | Lair:1   | Found a runed translucent door.
 10955 | Lair:1   | Noticed a five-headed hydra
 10976 | Lair:1   | Killed a five-headed hydra
 11009 | Lair:1   | Identified the +6 trident "Bud Pafe" {venom, rF+ rN+}
 11010 | Lair:1   | Noticed Morec's ghost (novice FeEE)
 11081 | Lair:1   | Identified the +2 trident of War {vorpal, Fly Int+3}
 11832 | Lair:2   | Acquired the +3 warlock's mirror {reflect}
 11832 | Lair:2   | Found the +3 warlock's mirror {reflect}
 11839 | Lair:2   | Noticed Amaemon
 11854 | Lair:2   | Killed Amaemon
 11982 | Lair:2   | Noticed Nergalle
 11988 | Lair:2   | Killed Nergalle
 12234 | Lair:2   | Reached skill level 10 in Conjurations
 12238 | Lair:2   | Reached skill level 5 in Fighting
 12349 | Lair:2   | Found a staircase to the Snake Pit.
 12349 | Lair:2   | Noticed Maggie
 12365 | Lair:2   | Killed Maggie
 12366 | Lair:2   | Gained mutation: You have a pair of large antennae on your
                  | head. (SInv) [demonic ancestry]
 12366 | Lair:2   | Reached XP level 12. HP: 86/86 MP: 8/19
 12503 | Lair:2   | Found a shadowy altar of Dithmenos.
 12901 | Lair:2   | Reached skill level 10 in Air Magic
 13463 | Lair:3   | Found a runed translucent gate.
 13463 | Lair:3   | Found a runed translucent gate.
 13463 | Lair:3   | Found a runed translucent gate.
 13484 | Lair:3   | Noticed Snorg
 13487 | Lair:3   | Noticed Snorg
 13487 | Lair:3   | Snorg changed into Snorg the glowing shapeshifter
 13488 | Lair:3   | Noticed Snorg
 13488 | Lair:3   | Snorg the glowing shapeshifter changed into Snorg the slime
                  | creature
 13502 | Lair:3   | Noticed Valamore's ghost (journeyman OpEE)
 13502 | Lair:3   | Noticed Izeyjose's ghost (journeyman MyBe)
 13518 | Lair:3   | Noticed Snorg
 13521 | Lair:3   | Noticed Snorg
 13521 | Lair:3   | Snorg the four-headed hydra changed into Snorg the minotaur
 13526 | Lair:3   | Noticed Snorg
 13526 | Lair:3   | Snorg the minotaur changed into Snorg the azure jelly
 13715 | Lair:3   | Found a staircase to the Shoals.
 14171 | Lair:3   | Noticed Snorg
 14213 | Lair:4   | Reached skill level 10 in Shields
 14654 | Lair:4   | Noticed a four-headed hydra
 14665 | Lair:4   | Killed a four-headed hydra
 14823 | Lair:4   | Gained mutation: When low on magic, you restore magic in
                  | place of health. [demonic ancestry]
 14823 | Lair:4   | Reached XP level 13. HP: 95/96 MP: 9/20
 15120 | Lair:4   | Bought a scroll of blinking for 240 gold pieces
 15120 | Lair:4   | Bought a glowing cloak for 240 gold pieces
 15120 | Lair:4   | Bought 3 scrolls of teleportation for 288 gold pieces
 15155 | Lair:5   | Entered Level 5 of the Lair of Beasts
 15226 | Lair:5   | Reached skill level 11 in Air Magic
 15384 | Lair:5   | Found a radiant altar of Vehumet.
 15628 | Lair:5   | Found a staircase to the Slime Pits.
 16795 | D:10     | Entered Level 10 of the Dungeon
 17150 | D:10     | Noticed Erolcha
 17154 | D:10     | Killed Erolcha
 17674 | D:10     | Found an iron altar of Okawaru.
 17993 | D:11     | Reached XP level 14. HP: 50/108 MP: 5/21
 18339 | D:11     | Reached skill level 12 in Air Magic
 18517 | D:11     | Found a snail-covered altar of Cheibriados.
 19006 | D:12     | Found Didut's Distillery.
 19042 | D:12     | Bought a potion of magic for 112 gold pieces
 19078 | D:12     | Got the Excursus on the Productive Tempest
 19151 | D:12     | Found a staircase to the Orcish Mines.
 19461 | D:12     | Learned a level 6 spell: Conjure Ball Lightning
 19472 | Orc:1    | Entered Level 1 of the Orcish Mines
 20089 | Orc:2    | Entered Level 2 of the Orcish Mines
 20091 | Orc:2    | Found Rusm's Assorted Antiques.
 20580 | Orc:2    | Reached skill level 10 in Fighting
 20783 | Orc:2    | Paralysed by an ogre mage for 4 turns
 21151 | Orc:2    | Found a staircase to the Elven Halls.
 21602 | Orc:2    | Found Ecataur's Assorted Antiques.
 21602 | Orc:2    | Found Dinadeif's Distillery.
 21604 | Orc:2    | Found Hif Yseg's Book Emporium.
 21604 | Orc:2    | Found Udwufola's Magic Scroll Boutique.
 21612 | Orc:2    | Bought a book of the Sky for 484 gold pieces
 21614 | Orc:2    | Bought a potion of magic for 112 gold pieces
 21614 | Orc:2    | Bought a potion of magic for 112 gold pieces
 21614 | Orc:2    | Bought a potion of heal wounds for 70 gold pieces
 21614 | Orc:2    | Bought a potion of heal wounds for 70 gold pieces
 21614 | Orc:2    | Bought a potion of brilliance for 56 gold pieces
 21988 | D:3      | Killed SensoryNuts's ghost
 22478 | D:13     | Identified the +6 quarterstaff of Dismemberment {drain,
                  | Str+4}
 22559 | D:13     | Identified the +0 chain mail "Raruang" {rElec rPois Int-3
                  | Dex+6}
 23486 | Orc:2    | Bought a scroll of identify for 24 gold pieces
 23486 | Orc:2    | Bought a scroll of identify for 24 gold pieces
 23486 | Orc:2    | Bought a scroll of identify for 24 gold pieces
 23486 | Orc:2    | Bought a scroll of identify for 24 gold pieces
 23486 | Orc:2    | Bought a scroll of identify for 24 gold pieces
 23486 | Orc:2    | Bought a scroll of noise for 12 gold pieces
 23491 | Orc:2    | Gained mutation: Your hexes are more powerful. [demonic
                  | ancestry]
 23491 | Orc:2    | Reached XP level 15. HP: 115/115 MP: 21/25
 23570 | D:14     | Found Nesabau's General Store.
 23600 | D:14     | Noticed Louise
 23620 | D:14     | Killed Louise
 23646 | D:14     | Identified the +9 falchion "Gitt" {speed, rF+ rC+ Stlth-}
 23660 | D:14     | Noticed Nessos
 23671 | D:14     | Killed Nessos
 23672 | D:14     | Reached skill level 1 in Maces & Flails
 23672 | D:14     | Gained mutation: You are mostly covered in large bone
                  | plates. (SH +6) [demonic ancestry]
 23672 | D:14     | Reached XP level 16. HP: 105/122 MP: 7/26
 23913 | D:13     | Upgraded the game from 0.29-a0-1065-g47a6bb87d6 to
                  | 0.30-a0-2-gf48d83f5e2
 23913 | D:13     | Upgraded the game from 0.30-a0-2-gf48d83f5e2 to
                  | 0.30-a0-4-ga7cffc901d
 23939 | D:13     | Reached skill level 13 in Air Magic
 24203 | D:14     | Noticed Agnes
 24206 | D:14     | Killed Agnes
 24207 | D:14     | Reached skill level 1 in Long Blades
 24726 | D:1      | Bought the +18 shield of the Gong {rElec rN+ Will+ EV-5}
                  | for 1264 gold pieces
 24726 | D:1      | Found the +18 shield of the Gong {rElec rN+ Will+ EV-5}
 24736 | D:1      | Bought the +1 robe of Purpose {Will+ Int+4} for 347 gold
                  | pieces
 24894 | D:8      | Bought a ring of wizardry for 450 gold pieces
 25860 | D:14     | Found a gate to the Vaults.
 26289 | D:15     | Entered Level 15 of the Dungeon
 26559 | D:15     | Identified the +10 dagger "Jakufut" {freeze, rF+ Int+3
                  | Dex-3 SInv}
 26617 | D:15     | Found Vofud's Antique Weapon Shoppe.
 26641 | D:15     | Learned a level 8 spell: Maxwell's Capacitive Coupling
 26888 | D:15     | Reached skill level 14 in Air Magic
 27476 | D:15     | Found a staircase to the Depths.
 28131 | Snake:1  | Entered Level 1 of the Snake Pit
 28733 | Snake:1  | Reached skill level 15 in Air Magic
 30437 | Snake:2  | You fall into a shaft and drop 1 floor!
 30762 | Snake:3  | Reached XP level 17. HP: 128/128 MP: 21/27
 31140 | Snake:3  | Reached skill level 16 in Air Magic
 32314 | Snake:2  | Noticed Aizul
 32500 | Snake:2  | Killed Aizul
 34692 | Snake:3  | Reached skill level 17 in Air Magic
 34945 | Snake:4  | Entered Level 4 of the Snake Pit
 35795 | Snake:4  | Reached skill level 15 in Shields
 35979 | Snake:4  | Noticed Vashnia
 35995 | Snake:4  | Killed Vashnia
 36726 | Snake:4  | Noticed a quicksilver dragon
 36766 | Snake:4  | Killed a quicksilver dragon
 36778 | Snake:4  | Noticed a quicksilver dragon
 37010 | Snake:4  | Gained mutation: A meltable shield of frost defends you.
                  | (SH +4) [demonic ancestry]
 37010 | Snake:4  | Reached XP level 18. HP: 129/135 MP: 9/29
 37205 | Snake:4  | Reached skill level 18 in Air Magic
 37282 | Snake:4  | Got a serpentine rune of Zot
 37483 | Shoals:1 | Entered Level 1 of the Shoals
 38662 | Lair:3   | Killed Izeyjose's ghost
 38666 | Lair:3   | Killed Valamore's ghost
 38775 | Lair:3   | Noticed Snorg
 38776 | Lair:3   | Noticed Snorg
 38776 | Lair:3   | Snorg the queen bee changed into Snorg the troll
 38779 | Lair:3   | Noticed Snorg
 38779 | Lair:3   | Snorg the troll changed into Snorg the hornet
 38780 | Lair:3   | Noticed Snorg
 38780 | Lair:3   | Snorg the hornet changed into Snorg the unseen horror
 38782 | Lair:3   | Noticed Snorg
 38782 | Lair:3   | Snorg the unseen horror changed into Snorg the raiju
 38785 | Lair:3   | Noticed Snorg
 38785 | Lair:3   | Snorg the raiju changed into Snorg the salamander
 38787 | Lair:3   | Noticed Snorg
 38787 | Lair:3   | Snorg the salamander changed into Snorg the cane toad
 38789 | Lair:3   | Noticed Snorg
 38789 | Lair:3   | Snorg the cane toad changed into Snorg the human
 38790 | Lair:3   | Noticed Snorg
 38790 | Lair:3   | Snorg the human changed into Snorg the cane toad
 38792 | Lair:3   | Noticed Snorg
 38792 | Lair:3   | Snorg the cane toad changed into Snorg the hornet
 38793 | Lair:3   | Killed Snorg the hornet
 39025 | Shoals:1 | You fall into a shaft and drop 1 floor!
 39151 | Shoals:2 | Found a transporter.
 39160 | Shoals:2 | Noticed Danakkis's ghost (adept DsBe)
 39289 | Shoals:2 | Found a transporter.
 40539 | Shoals:2 | Found a bloodstained altar of Trog.
 42494 | Shoals:3 | Reached skill level 15 in Conjurations
 43116 | Shoals:3 | Reached skill level 19 in Air Magic
 43204 | Shoals:4 | Entered Level 4 of the Shoals
 43423 | Shoals:4 | Identified the +1 chain mail of Impermeability {rF++ rN+
                  | Slay+3}
 46738 | Shoals:4 | Gained mutation: Your melee attacks may debilitate your
                  | foes. [demonic ancestry]
 46738 | Shoals:4 | Reached XP level 19. HP: 144/144 MP: 25/32
 47270 | Shoals:4 | Got Sif Muna's Lectures on Bewitchment and Conjury
 47399 | Shoals:4 | Got a barnacled rune of Zot
 47527 | Shoals:4 | Learned a level 7 spell: Spellforged Servitor
 47537 | Shoals:4 | Bought a Trismegistus Codex for 448 gold pieces
 47543 | Shoals:4 | Learned a level 5 spell: Freezing Cloud
 47821 | Depths:1 | Entered Level 1 of the Depths
 48177 | Depths:1 | Found a gateway to Hell.
 48215 | Depths:1 | Found a sparkling altar of Nemelex Xobeh.
 48442 | Depths:1 | Noticed Newt's ghost (journeyman DsGl)
 48495 | Depths:1 | Found a runed translucent gate.
 48496 | Depths:1 | Found a runed translucent gate.
 48498 | Depths:1 | Found a runed translucent gate.
 48811 | Depths:1 | Identified the ring of the Enemy {rCorr Dex+5}
 49084 | Depths:2 | Noticed Sojobo
 49088 | Depths:2 | Killed Sojobo
 49602 | Depths:2 | Found a one-way gate leading to the halls of Pandemonium.
 49693 | Depths:2 | Found a one-way gate to the infinite horrors of the Abyss.
 50429 | Depths:2 | Reached skill level 20 in Air Magic
 51104 | Depths:1 | Gained mutation: A meltable icy envelope protects you from
                  | harm. (AC +8) [demonic ancestry]
 51104 | Depths:1 | Reached XP level 20. HP: 122/156 MP: 21/33
 51439 | Depths:1 | Killed Newt's ghost
 51781 | Depths:1 | Identified the +4 dire flail "Q" {vorpal, *Noise rPois MP+9
                  | Int+4}
 51795 | Depths:1 | Identified the ring of Zommuepu {Str+2 Int+6}
 52469 | Depths:3 | Noticed a golden dragon
 52475 | Depths:3 | Killed a golden dragon
 52520 | Depths:3 | Identified the +4 leather armour of Conscience {rN+ Slay+5}
 52520 | Depths:3 | Identified the ring of Feceg {Drain rPois rN+ MP+9 Int+6}
 52787 | Depths:3 | Noticed Xtahua
 52802 | Depths:3 | Killed Xtahua
 52812 | Depths:3 | Paralysed by a floating eye for 4 turns
 52819 | Depths:3 | Paralysed by a floating eye for 2 turns
 53490 | Depths:3 | Noticed a juggernaut
 53494 | Depths:3 | Killed a juggernaut
 53495 | Depths:3 | Reached skill level 10 in Summonings
 53560 | Depths:3 | Identified the +10 battleaxe "Owyud" {speed, rF+ MP+9}
 53932 | Depths:4 | Entered Level 4 of the Depths
 53934 | Depths:4 | Identified the +4 ring mail of the First Snow {rC+}
 54540 | Depths:4 | Noticed a bone dragon
 54547 | Depths:4 | Killed a bone dragon
 54609 | Depths:4 | Noticed a golden dragon
 54613 | Depths:4 | Killed a golden dragon
 55118 | Depths:4 | Found a gate to the Realm of Zot.
 55247 | Depths:4 | Noticed a golden dragon
 55252 | Depths:4 | Killed a golden dragon
 55280 | Depths:4 | Noticed Parghit
 55290 | Depths:4 | Killed Parghit
 55613 | Depths:4 | Found a one-way gateway to a ziggurat.
 56348 | Vaults:1 | Entered Level 1 of the Vaults
 56408 | Vaults:1 | Gained mutation: You are surrounded by an aura of silence.
                  | [demonic ancestry]
 56408 | Vaults:1 | Reached XP level 21. HP: 126/166 MP: 7/34
 56428 | Vaults:1 | Reached skill level 10 in Spellcasting
 56809 | Vaults:1 | Identified the +1 triple sword "Fosuofyo" {flame, rC+
                  | Int+2}
 56954 | Vaults:1 | Identified the +4 robe "Covved" {Str+5}
 57107 | Vaults:1 | You fall into a shaft and drop 1 floor!
 57204 | Vaults:2 | Reached skill level 21 in Air Magic
 57326 | Vaults:2 | Noticed Saint Roka
 57330 | Vaults:2 | Killed Saint Roka
 57334 | Vaults:2 | Reached skill level 15 in Fighting
 58612 | Vaults:2 | Found a staircase to the Crypt.
 58612 | Vaults:2 | Found a basalt altar of Yredelemnul.
 58612 | Vaults:2 | Found an ancient bone altar of Kikubaaqudgha.
 60771 | Vaults:3 | Noticed Frederick
 60776 | Vaults:3 | Killed Frederick
 61941 | Vaults:4 | Identified the +2 pair of boots "Oquaczas" {rElec}
 62192 | Vaults:4 | Gained mutation: A meltable icy envelope protects you from
                  | harm. (AC +8) [demonic ancestry]
 62192 | Vaults:4 | Reached XP level 22. HP: 173/177 MP: 26/37
 62763 | Vaults:4 | Found a large runed translucent door.
 62763 | Vaults:4 | Found a large runed translucent door.
 62763 | Vaults:4 | Noticed Draconaut's ghost (veteran DjFE)
 63661 | Vaults:4 | Killed Draconaut's ghost
 64050 | Slime:1  | Entered Level 1 of the Pits of Slime
 64050 | Slime:1  | Found a viscous altar of Jiyva.
 64303 | Elf:1    | Entered Level 1 of the Elven Halls
 64499 | Elf:1    | Identified the +10 falchion of Tartarus {freeze, Int+3}
 65056 | Elf:1    | You are sucked into a shaft and drop 1 floor!
 65314 | Elf:2    | Paralysed by an air elemental for 1 turns
 65324 | Elf:2    | Paralysed by an air elemental for 1 turns
 65911 | Elf:2    | Found a huge runed translucent gate.
 65911 | Elf:2    | Found a huge runed translucent gate.
 65921 | Elf:2    | Found a huge runed translucent gate.
 66009 | Elf:2    | Paralysed by an air elemental for 1 turns
 66018 | Elf:2    | Paralysed by an air elemental for 1 turns
 66020 | Elf:2    | Paralysed by an air elemental for 1 turns
 66275 | Elf:2    | Found Sikag's Weapon Shop.
 66566 | Elf:2    | Found a huge runed translucent gate.
 66566 | Elf:2    | Found a huge runed translucent gate.
 66723 | Elf:1    | Found Bilob's General Store.
 66742 | Elf:1    | Paralysed by an air elemental for 1 turns
 66745 | Elf:1    | Paralysed by an air elemental for 1 turns
 66749 | Elf:1    | Paralysed by an air elemental for 1 turns
 66754 | Elf:1    | Paralysed by an air elemental for 1 turns
 66865 | Elf:1    | Bought a potion of mutation for 144 gold pieces
 67221 | Elf:1    | Got Uropocs's Collected Works on Called Concussion
 67363 | Elf:3    | Entered Level 3 of the Elven Halls
 67533 | Elf:3    | Paralysed by an air elemental for 1 turns
 67536 | Elf:3    | Paralysed by an air elemental for 1 turns
 67538 | Elf:3    | Paralysed by an air elemental for 1 turns
 67540 | Elf:3    | Paralysed by an air elemental for 1 turns
 67543 | Elf:3    | Paralysed by an air elemental for 1 turns
 67549 | Elf:3    | Paralysed by an air elemental for 1 turns
 67556 | Elf:3    | Paralysed by an air elemental for 1 turns
 67558 | Elf:3    | Paralysed by an air elemental for 1 turns
 67834 | Elf:3    | Reached skill level 22 in Air Magic
 68726 | Elf:3    | Found a portal to a secret trove of treasure.
 68903 | Elf:3    | Found Itokhu Eniwo's General Store.
 69064 | Elf:3    | Identified the +10 mace of Movof {drain, rF+}
 69188 | Elf:3    | Identified the +4 short sword of the Conjuring Gods {holy,
                  | Drain Dex+8}
 69450 | Elf:3    | Identified the +8 mace "Gagapsem" {speed, Dex+4}
 69472 | Elf:3    | Identified the ring of Wagha {Fly Dex+3}
 69517 | Elf:2    | Reached XP level 23. HP: 145/187 MP: 24/39
 69903 | Elf:3    | Paralysed by an air elemental for 1 turns
 69910 | Elf:3    | Paralysed by an air elemental for 1 turns
 70107 | Elf:3    | Got the Meditations on Shadows and the Voyage
 70128 | Elf:3    | Identified the +1 scale mail of Cietouca {Int+5 Dex+4}
 70197 | Elf:3    | Bought a scroll of teleportation for 36 gold pieces
 70197 | Elf:3    | Bought a scroll of amnesia for 48 gold pieces
 70197 | Elf:3    | Bought a scroll of teleportation for 36 gold pieces
 70197 | Elf:3    | Bought a scroll of magic mapping for 90 gold pieces
 70197 | Elf:3    | Bought a scroll of blinking for 90 gold pieces
 70455 | Crypt:1  | Entered Level 1 of the Crypt
 70533 | Crypt:1  | Noticed Zenata
 70678 | Crypt:1  | Killed Zenata
 70679 | Crypt:1  | Reached skill level 1 in Hexes
 71450 | Crypt:1  | Got the Tome of Necromancy and Displacement
 72756 | Crypt:2  | Reached skill level 5 in Hexes
 73314 | Crypt:1  | Learned a level 7 spell: Enfeeble
 74140 | Crypt:2  | Found an ancient bone altar of Kikubaaqudgha.
 74256 | Crypt:2  | Identified the +3 leather armour "Giliga" {Harm Dex+3}
 74922 | Crypt:3  | Entered Level 3 of the Crypt
 75012 | Crypt:3  | Found a magical portal.
 75015 | WizLab   | Entered Doroklohe's Tomb
 75657 | WizLab   | Acquired 936 gold pieces
 76634 | Crypt:3  | Noticed a curse toe
 76640 | Crypt:3  | Killed a curse toe
 76655 | Crypt:3  | Gained mutation: You are completely covered in large bone
                  | plates. (SH +8) [demonic ancestry]
 76655 | Crypt:3  | Reached XP level 24. HP: 202/202 MP: 37/40
 76799 | Crypt:3  | Identified the +10 falchion of Severance {venom, Drain
                  | rPois Dex+4 Stlth+}
 76809 | Crypt:3  | Reached skill level 10 in Hexes
 77126 | Crypt:3  | Found a staircase to the Tomb.
 77250 | Crypt:3  | Found an ancient bone altar of Kikubaaqudgha.
 77254 | Crypt:3  | Found a basalt altar of Yredelemnul.
 77275 | Crypt:3  | Learned a level 9 spell: Chain Lightning
 77854 | Slime:2  | Gained mutation: Armour fits poorly on your strangely
                  | shaped body. [a shining eye]
 77868 | Slime:1  | Gained mutation: Your mind is acute. (Int +4, Str/Dex -1)
                  | [mutagenic glow]
 78659 | Vaults:5 | Entered Level 5 of the Vaults
 78696 | Vaults:5 | Noticed a dread lich
 78895 | Vaults:5 | Identified the +9 broad axe of Deformation {venom, rElec
                  | Str-4 Dex+3 Stlth+}
 78953 | Vaults:5 | Noticed a dread lich
 78957 | Vaults:5 | Killed a dread lich
 79018 | Vaults:5 | Killed a dread lich
 79024 | Vaults:5 | Noticed a dread lich
 79034 | Vaults:5 | Killed a dread lich
 79116 | Vaults:5 | Reached skill level 23 in Air Magic
 79188 | Vaults:5 | Got An Early Guide to Witchery
 79271 | Vaults:5 | Noticed an ancient lich
 79275 | Vaults:5 | Killed an ancient lich
 79648 | Vaults:5 | Identified the +2 tower shield of the Undertaker {rC+
                  | Str+4}
 79655 | Vaults:5 | Identified the +1 helmet of the Wasteland {*Slow Str+2
                  | Int+6}
 79702 | Vaults:5 | Found the +7 great mace "Firestarter" {inner flame, rF++}
 79997 | Vaults:5 | Reached XP level 25. HP: 205/210 MP: 9/40
 80389 | Vaults:5 | Got a silver rune of Zot
 80438 | Vaults:5 | Identified the +7 chain mail "Wuli" {Str+3}
 81013 | Zot:1    | Entered Level 1 of the Realm of Zot
 81265 | Zot:1    | Noticed an orb of fire
 81274 | Zot:1    | Killed an orb of fire
 82389 | Zot:1    | You are sucked into a shaft and drop 1 floor!
 83050 | Zot:1    | Reached skill level 24 in Air Magic
 83199 | Zot:1    | Noticed an orb of fire
 83199 | Zot:1    | Gained mutation: Your magical capacity is low. (-10% MP)
                  | [an orb of fire]
 83207 | Zot:1    | Killed an orb of fire
 83747 | Zot:1    | Identified the +2 cloak of Wonder {-Cast +Inv rPois Will++
                  | Int-4}
 83985 | Zot:2    | Noticed an orb of fire
 83986 | Zot:2    | Killed an orb of fire
 83993 | Zot:2    | Noticed an orb of fire
 84150 | Zot:2    | Killed an orb of fire
 85083 | Zot:3    | Lost mutation: Armour fits poorly on your strangely shaped
                  | body. [potion of mutation]
 85083 | Zot:3    | Lost mutation: Your mind is acute. (Int +4, Str/Dex -1)
                  | [potion of mutation]
 85083 | Zot:3    | Lost mutation: Your magical capacity is low. (-10% MP)
                  | [potion of mutation]
 85083 | Zot:3    | Gained mutation: You have a somewhat thin skeletal
                  | structure. (Dex +2, Stealth+) [potion of mutation]
 85084 | Zot:3    | Lost mutation: You have a somewhat thin skeletal structure.
                  | (Dex +2, Stealth+) [potion of mutation]
 85084 | Zot:3    | Gained mutation: Your spells are a little harder to cast,
                  | but a little more powerful. [potion of mutation]
 85852 | Zot:3    | Noticed Grunn
 85855 | Zot:3    | Killed Grunn
 86057 | Zot:3    | Identified the ring of Saepa {Ice Dex+5 Slay-6 SInv}
 86057 | Zot:3    | Noticed Josephina
 86063 | Zot:3    | Killed Josephina
 87015 | Zot:4    | Reached XP level 26. HP: 178/217 MP: 27/40
 87236 | Zot:4    | Identified the ring of Xuifuxt {*Slow rPois rN+++ Str-5
                  | Int+6}
 87653 | Zot:4    | Identified the +0 leather armour of the Moneychanger
                  | {Int+4}
 87840 | Zot:5    | Entered Level 5 of the Realm of Zot
 87847 | Zot:5    | Reached skill level 25 in Air Magic
 88545 | Zot:5    | Noticed a dread lich
 88546 | Zot:5    | Noticed an orb of fire
 88575 | Zot:5    | Noticed an orb of fire
 88575 | Zot:5    | Noticed a dread lich
 88587 | Zot:5    | Noticed an orb of fire
 88589 | Zot:5    | Killed a dread lich
 88596 | Zot:5    | Killed a dread lich
 88607 | Zot:5    | Killed an orb of fire
 88629 | Zot:5    | Noticed an ancient lich
 88633 | Zot:5    | Killed an ancient lich
 88698 | Zot:5    | Noticed an orb of fire
 88743 | Zot:5    | Noticed a dread lich
 88755 | Zot:5    | Killed a dread lich
 88770 | Zot:5    | Noticed a dread lich
 88771 | Zot:5    | Got the Orb of Zot
 88773 | Zot:5    | Killed a dread lich
 89578 | D:$      | Escaped with the Orb!

Illustrated notes

Levels and vault maps discovered:
D:1:      amcnicky_arrival_underground_garden, layout_basic, serial_shops, shop,
          kennysheep_another_room, chequers_mini_garden,
          amcnicky_mini_rare_corridor_liquid, wad_floor_pattern_2,
          minmay_lizard_pond
D:2:      kennysheep_big_flooded_room, layout_loops_ring, basic_altar,
          minmay_goblin_kobold_house
D:3:      layout_loops_ring, mainiacjoe_overflow_small_starburst,
          ebering_ghost_sewer_f
D:4:      corexii_shack_village, layout_loops_ring, amcnicky_altar_gilded,
          mainiacjoe_overflow_boulevard
D:5:      layout_rooms, lemuel_round_altar, mainiacjoe_overflow_six_doors_small,
          makhleb_blood_cavern_becter, serial_shops, nicolae_shop_stone,
          uniq_pikel, uniq_grinder, uniq_eustachio, uniq_prince_ribbit1
D:6:      layout_basic, kiku_gazebo_pond_becter,
          mainiacjoe_overflow_large_starburst, minmay_temple_entry_glassed_door,
          minivault_24, bh_walls_and_bars
D:7:      layout_basic, nzn_hepliaklqana_mist_gate, enter_bailey_5
D:8:      layout_rooms, gammafunk_ghost_smash, minmay_shop_grid_forest
D:9:      layout_loops_cross, xom_confusion_cloud, nicolae_uskayaw_suspiria,
          david_lair_generic, small_chamber_with_monster,
          minmay_misc_feat_roman, uniq_maurice
D:10:     layout_loops_corners, kennysheep_okawaru_gauntlet, grunt_livestock,
          uniq_erolcha
D:11:     layout_loops_corners, cheibriados_altar_1
D:12:     layout_gridville, orc_0_dummy, serial_glass, glass_columns_b,
          glass_columns_a, glass_columns_a, glass_columns_a, glass_columns_b,
          glass_columns_b, glass_columns_b, glass_columns_b, glass_columns_b,
          glass_columns_c, glass_columns_a, glass_columns_a, glass_columns_a,
          glass_columns_b, serial_shops, shop_fountains, nooodl_orcs_dogs
D:13:     layout_irregular_city
D:14:     layout_cave_pools, grunt_vaults_entry_fortified,
          serial_co_window_serial, co_window_paths_b, co_window_corner_a,
          co_window_paths_b, co_window_paths_a, co_window_of_opportunity_a,
          co_window_paths_c, co_window_of_opportunity_c, co_window_corner_b,
          co_window_corner_ca, co_window_broadway_a, co_window_paths_c,
          glass_columns_a, glass_columns_a, glass_columns_a, glass_columns_a,
          glass_columns_b, serial_shops, nicolae_stop_n_shop_1,
          ebering_dispersal_statue_hall, uniq_nessos, uniq_louise, uniq_agnes
D:15:     gammafunk_depths_entry_grave, layout_long_grid, serial_shops, shop,
          special_room [special_room_orc], fungi_pond_lemuel
Temple:   nicolae_temple_figure_zero
Lair:1:   layout_cave_pods, ebering_ghost_funeral_grove, grunt_megastairs_1
Lair:2:   minmay_lair_oklob_chamber, layout_cave_pods,
          guppyfry_snake_entry_island, basic_altar, lemuel_fruit_fields,
          grunt_megastairs_2, serial_bayou_shore_b, serial_bayou_shore_b,
          uniq_amaemon, uniq_maggie, uniq_nergalle
Lair:3:   layout_loops_ring, elwin_shoals_entry_rocks, gammafunk_ghost_cemetery,
          uniq_snorg
Lair:4:   layout_regular_city, beast_lair_carwin_3, grunt_megastairs_3
Lair:5:   grunt_lair_end_beastmaster, layout_gridlike,
          minmay_slime_entry_pillars, basic_altar,
          chequers_serial_rivers_micro_c
Shoals:1: layout_shoals
Shoals:2: layout_shoals, gammafunk_ghost_wrathful_warriors
Shoals:3: layout_shoals
Shoals:4: shoals_end_grunt_ice, layout_shoals
Snake:1:  layout_chambers, basic_altar, grunt_ministairs_4
Snake:2:  layout_chambers, beargit_elvish_explorers, uniq_aizul
Snake:3:  layout_misc_corridors
Snake:4:  hellmonk_snake_rune_quicksilver_temple, layout_cave_town, uniq_vashnia
Slime:1:  layout_caves, basic_altar
Slime:2:  layout_caves
Orc:1:    layout_caves
Orc:2:    st_orc_ogre_mass, layout_diamond_mine, serial_shops, shop_fountains,
          mines4_lemuel
Elf:1:    layout_gridlike, serial_shops, nicolae_diamond_shop,
          minmay_elf_sorcery
Elf:2:    elven_hall_of_blades_hangedman_alternative
          [nicolae_blade_entry_pointy_end], layout_onion_city, serial_shops,
          shop
Elf:3:    elf_hall, layout_onion_city, enter_trove_3, grunt_ministairs_5,
          abandoned_shop, nicolae_elf_glassroom_feature
Vaults:1: ontoclasm_vaults_spin, hangedman_vaults_corner, v_alt_pattern_5,
          nicolae_vaults_alarming, nicolae_vaults_stairing_the_circle, v_misc_3,
          vaults_room_hangedman_quadrants, v_misc_22, ontoclasm_vaults_idyll,
          nicolae_vaults_ring_of_whatevers, layout_vaults_ring
Vaults:2: vaults_dpeg_cross, nicolae_vaults_network_periphery,
          ontoclasm_vaults_ring_square, minmay_crypt_entry_necro_gods,
          serial_ice_g, layout_vaults_quadrants, uniq_saint_roka
Vaults:3: ontoclasm_vaults_pinch, nicolae_vaults_mini_display_case, v_misc_14,
          v_alt_pattern_6, v_misc_13, v_misc_18,
          vaults_mumra_minichess_inversion, nicolae_vaults_ninety_degrees,
          v_rooms_4, vaults_room_semicircle, layout_vaults_omnicross,
          uniq_frederick
Vaults:4: advil_vaults_ghost_guards, v_misc_15, v_misc_28, v_misc_29, v_misc_9,
          ontoclasm_vaults_chip, v_alt_pattern_6,
          nicolae_vaults_little_squares_5, vaults_dpeg_hooks,
          nicolae_vaults_specimen_jars, nicolae_vaults_little_squares_4,
          ontoclasm_vaults_ring_small, nicolae_vaults_little_squares_6,
          nicolae_vaults_little_squares_1, vaults_mumra_minichess,
          hangedman_vaults_stretched_pinwheel, layout_vaults_maze_bifur,
          serial_glass
Vaults:5: serial_shops
Crypt:1:  layout_catacombs, lemuel_upstairs_altar, grunt_crypt_arrival_webbed,
          uniq_zenata
Crypt:2:  layout_chaotic_city, basic_altar, grunt_megastairs_5
Crypt:3:  lightli_unholy_cathedral, layout_chaotic_city,
          tomb_entry_simple_bobbens, mu_enter_wizlab_7
Depths:1: layout_cave_pools, hell_entry, gammafunk_ghost_icy,
          serial_column_ruins, column_ruins_hut_pillars,
          column_ruins_open_medium, column_ruins_corridor_straight,
          column_ruins_columns_dead_end, kennysheep_big_empty_room,
          nemelex_diamond_rough_becter
Depths:2: minmay_big_diamond_grid, layout_basic, hangedman_coc_ice_floe,
          abyss_entry, grunt_pan_entry_in_and_out, serial_bayou_shore_b,
          uniq_sojobo
Depths:3: grunt_arcs, layout_honeycomb, hangedman_abyss_or_decor_passed,
          hell_entry, abyss_entry, grunt_decor_junction, tso_metal_star,
          uniq_xtahua
Depths:4: grunt_x_marks_the_spot, layout_gridville, enter_ziggurat_b,
          abandoned_shop, hellmouth_1, pan_entry, minmay_crystal_room,
          uniq_parghit
Zot:1:    lemuel_halls_of_wrath, layout_gridlike, hangedman_swamp_dais
Zot:2:    layout_cathedral_of_symmetry
Zot:3:    layout_twisted_circle, uniq_josephina, uniq_grunn
Zot:4:    layout_gridlike
Zot:5:    layout_gridlike

Skill      XL: |  1  2  3  4  5  6  7  8  9 10 11 12 13 14 15 16 17 18 19 20 21 22 23 24 25 26 |
---------------+-------------------------------------------------------------------------------+-----
Fighting       | 1 2 5 7 9 10 11 13 14 15 17 19 21 | 21.3
Air Magic      | 3 4 5 6 7 8 9 10 11 12 15 17 19 20 21 22 23 24 25 | 25.4
Conjurations   | 2 3 4 6 7 8 10 11 12 13 14 15 16 17 19 20 21 23 24 | 24.1
Shields        | 1 2 3 5 6 7 9 10 11 12 13 15 | 15.0
Spellcasting   | 3 4 5 7 9 11 12 13 | 13.9
Summonings     | 2 5 6 8 10 | 10.0
Dodging        | 4 |  4.8
Maces & Flails | 1 |  1.2
Long Blades    | 1 |  1.0
Hexes          | 9 13 | 13.0
Stealth        | |  1.7

Action                   |  1- 3 |  4- 6 |  7- 9 | 10-12 | 13-15 | 16-18 | 19-21 | 22-24 | 25-27 || total
-------------------------+-------+-------+-------+-------+-------+-------+-------+-------+-------++-------
Melee: Unarmed           |    44 |       |       |       |       |       |       |       |       ||    44
       Staff             |       |    13 |    15 |    38 |    32 |       |       |       |       ||    98
       Rapier            |       |       |    16 |       |       |       |       |       |       ||    16
       Punch             |       |       |     1 |       |       |       |       |       |       ||     1
       Falchion          |       |       |       |       |       |   196 |   169 |   180 |    43 ||   588
 Cast: Shock             |    81 |   197 |   185 |   102 |    14 |       |       |       |       ||   579
       Static Discharge  |       |     4 |    52 |    80 |   182 |    20 |    28 |    13 |       ||   379
       Summon Lightning  |       |       |     7 |    58 |    58 |    49 |    27 |    14 |       ||   213
       Lightning Bolt    |       |       |     1 |    12 |     9 |    25 |     3 |    29 |     3 ||    82
       Airstrike         |       |       |       |    12 |    11 |    40 |     1 |       |       ||    64
       Conjure Ball Ligh |       |       |       |       |    27 |   246 |     3 |       |       ||   276
       Maxwell's Capacit |       |       |       |       |       |   104 |   209 |   386 |   143 ||   842
       Spellforged Servi |       |       |       |       |       |       |    77 |    63 |    15 ||   155
       Freezing Cloud    |       |       |       |       |       |       |    13 |    12 |       ||    25
       Enfeeble          |       |       |       |       |       |       |       |     6 |     3 ||     9
       Chain Lightning   |       |       |       |       |       |       |       |    38 |    56 ||    94
Invok: Call Merchant     |       |       |       |       |     2 |       |     2 |     2 |       ||     6
       Potion Petition   |       |       |       |       |       |     5 |     1 |     8 |     2 ||    16
       Bribe Branch      |       |       |       |       |       |       |       |       |     3 ||     3
Evoke: Wand              |       |       |       |     3 |     4 |    10 |     4 |       |       ||    21
       Condenser vane    |       |       |       |       |     1 |       |       |       |       ||     1
       Tin of tremorston |       |       |       |       |       |     1 |       |       |       ||     1
  Use: Scroll            |       |     7 |     3 |    16 |    20 |     7 |     2 |    11 |     6 ||    72
       Potion            |       |       |       |     1 |     7 |     4 |     1 |    14 |     7 ||    34
 Stab: Sleeping          |       |     1 |     1 |       |       |       |       |       |       ||     2
       Distracted        |       |       |       |     1 |     2 |     4 |     5 |     3 |       ||    15
       Invisible         |       |       |       |       |       |       |       |     1 |       ||     1
Armor: Robe              |    15 |    11 |    29 |    19 |    19 |    20 |    34 |   126 |    25 ||   298
Dodge: Dodged            |    92 |    34 |   126 |    58 |    69 |    55 |    36 |    58 |    25 ||   553
Block: Other             |       |       |       |    16 |       |       |       |       |       ||    16
       Reflection        |       |       |       |     4 |    18 |   162 |   122 |   143 |    17 ||   466
       Buckler           |       |       |       |    47 |   191 |    15 |       |       |       ||   253
       Kite shield       |       |       |       |       |       |   642 |   639 |  1228 |   294 ||  2803

Table legend: (Time is in decaauts)
 A = Elapsed time spent in this place.
 B = Non-inter-level travel time spent in this place.
 C = Inter-level travel time spent in this place.
 D = Time resting spent in this place.
 E = Time spent auto-exploring this place.
 F = Levels seen in this place.
 G = Mean time per level.
                   A        B        C        D        E       F      G
               +--------+--------+--------+--------+--------+-----+--------+
         Total |  89631 |  83386 |   6245 |  33884 |  30482 |  55 | 1629.7 |
       Dungeon |  20319 |  17767 |   2552 |   6025 |   7652 |  15 | 1354.6 |
        Temple |     63 |     55 |      8 |      0 |     50 |   1 |   63.0 |
          Lair |   7837 |   7085 |    752 |   2169 |   3382 |   5 | 1567.4 |
        Shoals |   9242 |   8868 |    374 |   5470 |   2128 |   4 | 2310.5 |
     Snake Pit |   9289 |   8794 |    495 |   4042 |   3052 |   4 | 2322.2 |
    Slime Pits |    544 |    544 |      0 |    240 |    227 |   2 |  272.0 |
  Orcish Mines |   2560 |   2319 |    241 |   1146 |    591 |   2 | 1280.0 |
   Elven Halls |   5907 |   5754 |    153 |   2308 |   1838 |   3 | 1969.0 |
        Vaults |   9843 |   9157 |    686 |   2989 |   3811 |   5 | 1968.6 |
         Crypt |   6088 |   5779 |    309 |   2228 |   2100 |   3 | 2029.3 |
        Depths |   9108 |   8709 |    399 |   4196 |   2412 |   4 | 2277.0 |
           Zot |   7504 |   7232 |    272 |   2591 |   3053 |   5 | 1500.8 |
        Bailey |    588 |    588 |      0 |    106 |     54 |   1 |  588.0 |
        Wizlab |    732 |    732 |      0 |    373 |    130 |   1 |  732.0 |
               +--------+--------+--------+--------+--------+-----+--------+

Top non-repeatable levels by time:
Shoals:3: 4142 daAuts
 Crypt:1: 3329 daAuts
 Snake:1: 3114 daAuts
Vaults:2: 2880 daAuts
Depths:4: 2806 daAuts
   Zot:1: 2616 daAuts
  Lair:3: 2329 daAuts
   Elf:3: 2293 daAuts
Depths:2: 2278 daAuts
Shoals:2: 2230 daAuts
    D:13: 2224 daAuts
     D:4: 2219 daAuts
   Elf:2: 2166 daAuts
    D:14: 2151 daAuts
 Snake:3: 2140 daAuts
